 Dungeon Crawl Stone Soup version 0.29.1-1-gd02db6906a (webtiles) character file.

Game seed: 10165622918224797675

5521 juncz the Frost Mage (level 10, -2/79 HPs)
             Began as a Gnoll Ice Elementalist on Sept 27, 2022.
             Was a Follower of Ashenzari.
             Engulfed by a steam dragon's steam (4 damage)
             ... on level 9 of the Dungeon.
             The game lasted 00:21:14 (9401 turns).

juncz the Frost Mage (Gnoll Ice Elementalist)       Turns: 9401, Time: 00:21:14

Health: -2/79      AC:  5    Str:  8    XL:     10   Next: 70%
Magic:  22/23      EV: 15    Int: 19    God:    Ashenzari [*.....]
Gold:   294        SH:  0    Dex: 14    Spells: 20/27 levels left

rFire   . . .      SeeInvis .   D - +2 halberd (venom)
rCold   . . .      Faith    .   (shield currently unavailable)
rNeg    + . .      Spirit   .   a - +0 robe
rPois   .          Reflect  .   (no helmet)
rElec   .          Harm     .   h - +0 cloak
rCorr   .          Rampage  .   (no gloves)
Will    .....                   J - +0 pair of boots of the Astrological Moon {Self, Range} (curse)
Stlth   +++.......              (no amulet)
HPRegen 0.23/turn               H - ring "Profound Augurer" {rN+ Dex+2 Slay+2, Self, Evo} (curse)
MPRegen 0.18/turn               (no ring)

@: no status effects
A: fangs 1, strong nose, distributed training
a: Renounce Religion, Shatter the Chains


You were on level 9 of the Dungeon.
You worshipped Ashenzari.
Ashenzari was aware of your devotion.
You visited 1 branch of the dungeon, and saw 9 of its levels.

You collected 294 gold pieces.

Inventory:

Hand Weapons
 d - a +0 dagger
 D - a +2 halberd of venom (weapon)
 F - a +5 trident
Missiles
 B - a throwing net
Armour
 a - a +0 robe (worn)
 h - a +0 cloak (worn)
 J - the cursed +0 pair of boots of the Astrological Moon (worn) {Self, Range}
   (You found it on level 7 of the Dungeon)

   It has a curse which improves the following skills: Introspection: Fighting
   and Spellcasting.
   Ranged Combat: Ranged Weapons and Throwing.
Magical Staves
 u - a staff of conjuration
 I - a staff of fire
Jewellery
 r - a ring of ice
 H - the cursed ring "Profound Augurer" (left hand) {rN+ Dex+2 Slay+2, Self, Evo}
   (You took it off an orc on level 6 of the Dungeon)

   [ring of positive energy]

   Dex:       It affects your dexterity (+2).
   Slay:      It affects your accuracy & damage with ranged weapons and melee
   (+2).
   rN:        It protects you from negative energy.
   It has a curse which improves the following skills: Introspection: Fighting
   and Spellcasting.
   Evocations: Evocations.
 L - an amulet of guardian spirit
Wands
 q - a wand of paralysis (12)
 x - a wand of flame (29)
 y - a wand of iceblast (1)
 G - a wand of polymorph (8)
Scrolls
 f - 4 scrolls of teleportation
 g - a scroll of fog
 i - 3 scrolls of enchant armour
 k - a scroll of vulnerability
 n - a scroll of poison
 p - 3 scrolls of fear
 v - 2 scrolls of enchant weapon
 z - a scroll of torment
 E - 3 scrolls of immolation
Potions
 b - 3 potions of magic
 c - 3 potions of lignification
 e - 2 potions of mutation
 j - 2 potions of haste
 l - a potion of cancellation
 m - 4 potions of curing
 o - 2 potions of might
 s - 2 potions of brilliance
 t - 2 potions of berserk rage
 w - a potion of flight
 A - a potion of heal wounds
 C - a potion of attraction


   Skills:
 + Level 5.7(7.0) Fighting
 + Level 5.7 Short Blades
 + Level 5.7 Long Blades
 + Level 5.7 Axes
 + Level 5.7 Maces & Flails
 + Level 5.7 Polearms
 + Level 5.7 Staves
 + Level 5.7(6.6) Ranged Weapons
 + Level 5.7(6.6) Throwing
 + Level 5.7 Armour
 + Level 7.4 Dodging
 + Level 7.2 Stealth
 + Level 5.7 Shields
 + Level 5.7 Unarmed Combat
 + Level 7.7(9.1) Spellcasting
 + Level 4.7 Conjurations
 + Level 4.7 Hexes
 + Level 4.7 Summonings
 + Level 4.7 Necromancy
 + Level 4.7 Translocations
 + Level 4.7 Transmutations
 + Level 4.7 Fire Magic
 + Level 8.6 Ice Magic
 + Level 4.7 Air Magic
 + Level 4.7 Earth Magic
 + Level 4.7 Poison Magic
 + Level 6.3 Invocations
 + Level 5.7(6.6) Evocations


You had 20 spell levels left.
You knew the following spells:

 Your Spells              Type           Power      Damage    Failure   Level
a - Freeze                Ice            100%       1d11      1%          1
b - Frozen Ramparts       Ice            82%        1d13      1%          3
c - Ozocubu's Armour      Ice            41%        N/A       1%          3

Your spell library contained the following spells:

 Spells                   Type           Power      Damage    Failure   Level
 Beastly Appendage        Tmut           52%        N/A       1%          1
 Ensorcelled Hibernation  Hex/Ice        68%        N/A       1%          2
 Passwall                 Tmut/Erth      21%        N/A       1%          2
 Poisonous Vapours        Pois/Air       52%        N/A       1%          2
 Sublimation of Blood     Necr           26%        N/A       1%          2
 Wereblood                Tmut           26%        N/A       1%          2
 Spider Form              Tmut/Pois      26%        N/A       3%          3
 Swiftness                Air            26%        N/A       3%          3
 Hailstorm                Conj/Ice       34%        3d9       5%          4
 Corpse Rot               Necr/Pois/Air  26%        N/A       12%         4
 Summon Hydra             Summ           13%        N/A       100%        7
 Chain Lightning          Conj/Air       13%        3d17      100%        9
 Fire Storm               Conj/Fire      13%        8d3       100%        9
 Shatter                  Erth           13%        3d13*     100%        9


Dungeon Overview and Level Annotations

Branches:
Dungeon (9/15)             Temple (0/1) D:7
   Lair: D:8-11         Orc: D:9-12

Altars:
Ashenzari
Fedhas
Kikubaaqudgha
Makhleb
Uskayaw
Yredelemnul
Zin
The Shining One


Innate Abilities, Weirdness & Mutations

You have very sharp teeth.
Your uncanny sense of smell can sniff out nearby items.
Your experience applies equally to all skills.


Message History

You are engulfed in a cloud of scalding steam.
You kill Psyche!
The steam dragon bites you but does no damage.
The steam dragon claws you. The heat melts your icy armour.
You barely miss the steam dragon. Your bite misses the steam dragon.
You are engulfed in a cloud of scalding steam.
The steam dragon bites you but does no damage.
The steam dragon closely misses you. The heat melts your icy armour.
You barely miss the steam dragon.
You are engulfed in a cloud of scalding steam.
The steam dragon bites you but does no damage.
The steam dragon claws you.
* * * LOW HITPOINT WARNING * * *
The heat melts your icy armour.
You hit the steam dragon.
The steam dragon is lightly wounded.
Your icy armour evaporates.
The steam dragon completely misses you. The steam dragon barely misses you.
You slash the steam dragon!
The steam dragon is poisoned.
The steam dragon is moderately wounded.
The steam dragon bites you.
* * * LOW HITPOINT WARNING * * *
The steam dragon claws you.
* * * LOW HITPOINT WARNING * * *
The steam dragon closely misses you. The steam dragon misses you.
You barely miss the steam dragon.
The steam dragon is moderately wounded.
The steam dragon misses you. x2
You hit the steam dragon.
The steam dragon looks as sick as possible!
The steam dragon is heavily wounded.
The steam dragon breathes steam at you. The ball of steam hits you!
* * * LOW HITPOINT WARNING * * *
You hit the steam dragon.
The steam dragon is almost dead.
You are engulfed in a cloud of scalding steam.
You die...

.. .####
..######....
.§.§.......#
.§§........#
....>......#
.....§...).#
#.....§.?..#
#......@...#
#......)D..#
#..........#
#..........#
############


You could see a steam dragon (extremely poisoned, catching breath).

Vanquished Creatures
  Psyche (D:9)
  Sigmund (D:5)
  A wyvern (D:8)
  Eustachio (D:5)
  13 yaks
  Duvessa (D:5)
  3 water moccasins
  An orc warrior (D:8)
  3 black bears
  A sky beast (D:7)
  A centaur (D:8)
  An ogre (D:7)
  5 phantoms
  A kobold brigand (D:6)
  Blork the orc (D:5)
  2 necrophages
  2 bullfrogs (D:8)
  9 wights
  Dowan (D:5)
  5 killer bees (D:8)
  A gnoll bouda (D:5)
  2 hounds
  A jelly (D:8)
  6 iguanas
  An orc wizard (D:2)
  3 gnolls (D:5)
  3 adders
  A white imp (D:7)
  2 ufetubi (D:7)
  2 dart slugs
  14 orcs
  4 ball pythons
  3 endoplasms
  A giant cockroach (D:1)
  4 goblins
  8 hobgoblins
  10 jackals
  12 kobolds
  3 quokkas
  5 bats
  2 frilled lizards (D:2)
  3 rats
145 creatures vanquished.

Notes
Turn   | Place    | Note
-------+----------+-------------------------------------------
     0 | D:1      | juncz the Gnoll Ice Elementalist began the quest for the
                  | Orb.
     0 | D:1      | Reached XP level 1. HP: 13/13 MP: 6/6
   321 | D:1      | Reached XP level 2. HP: 19/19 MP: 5/7
  1131 | D:1      | Found a faded altar of an unknown god.
  1219 | D:2      | Reached skill level 5 in Spellcasting
  1219 | D:2      | Reached XP level 3. HP: 25/25 MP: 5/9
  1223 | D:2      | Learned a level 3 spell: Frozen Ramparts
  1227 | D:2      | Learned a level 3 spell: Ozocubu's Armour
  1503 | D:2      | Reached skill level 1 in Invocations
  1506 | D:2      | Reached skill level 1 in Fighting
  1506 | D:2      | Reached skill level 1 in Short Blades
  1506 | D:2      | Reached skill level 1 in Long Blades
  1506 | D:2      | Reached skill level 1 in Axes
  1506 | D:2      | Reached skill level 1 in Maces & Flails
  1506 | D:2      | Reached skill level 1 in Polearms
  1506 | D:2      | Reached skill level 1 in Staves
  1506 | D:2      | Reached skill level 1 in Ranged Weapons
  1506 | D:2      | Reached skill level 1 in Throwing
  1506 | D:2      | Reached skill level 1 in Armour
  1506 | D:2      | Reached skill level 1 in Shields
  1506 | D:2      | Reached skill level 1 in Unarmed Combat
  1506 | D:2      | Reached skill level 1 in Evocations
  1506 | D:2      | Reached XP level 4. HP: 32/32 MP: 4/11
  1646 | D:2      | Reached skill level 1 in Conjurations
  1646 | D:2      | Reached skill level 1 in Hexes
  1646 | D:2      | Reached skill level 1 in Summonings
  1646 | D:2      | Reached skill level 1 in Necromancy
  1646 | D:2      | Reached skill level 1 in Translocations
  1646 | D:2      | Reached skill level 1 in Transmutations
  1646 | D:2      | Reached skill level 1 in Fire Magic
  1646 | D:2      | Reached skill level 1 in Air Magic
  1646 | D:2      | Reached skill level 1 in Earth Magic
  1646 | D:2      | Reached skill level 1 in Poison Magic
  2821 | D:4      | Found a burning altar of Makhleb.
  2823 | D:4      | Found a glowing golden altar of the Shining One.
  2827 | D:4      | Found a hide-covered altar of Uskayaw.
  2827 | D:4      | Found a glowing silver altar of Zin.
  2828 | D:4      | Found a basalt altar of Yredelemnul.
  2829 | D:4      | Found an ancient bone altar of Kikubaaqudgha.
  2830 | D:4      | Found a broken altar of Ashenzari.
  2831 | D:4      | Found a blossoming altar of Fedhas.
  3050 | D:4      | Became a worshipper of Ashenzari the Shackled
  3111 | D:5      | Entered Level 5 of the Dungeon
  3111 | D:5      | Noticed a phantom
  3228 | D:4      | Reached XP level 5. HP: 37/37 MP: 8/12
  3446 | D:5      | Noticed a water moccasin
  3451 | D:5      | Killed a water moccasin
  3452 | D:5      | Reached XP level 6. HP: 35/44 MP: 5/14
  3620 | D:5      | Noticed Eustachio
  3626 | D:5      | Noticed a yak
  3639 | D:5      | Killed Eustachio
  3640 | D:5      | Reached skill level 5 in Dodging
  3657 | D:5      | Noticed a yak
  3706 | D:5      | Noticed Duvessa
  3720 | D:5      | Killed Duvessa
  3721 | D:5      | Reached XP level 7. HP: 51/51 MP: 5/15
  3753 | D:5      | Noticed a yak
  3753 | D:5      | Noticed a yak
  3757 | D:5      | Noticed a yak
  3766 | D:5      | Killed a yak
  3767 | D:5      | Reached skill level 5 in Stealth
  3767 | D:5      | Killed a yak
  3772 | D:5      | Killed a yak
  3773 | D:5      | Reached XP level 8. HP: 14/58 MP: 1/16
  3778 | D:5      | Killed a yak
  3788 | D:5      | Killed a yak
  4167 | D:5      | Noticed Dowan
  4176 | D:5      | Killed Dowan
  4216 | D:5      | Noticed Blork the orc
  5200 | D:5      | Killed Blork the orc
  5201 | D:5      | Reached XP level 9. HP: 25/65 MP: 18/18
  5782 | D:5      | Noticed Sigmund
  5789 | D:5      | Killed Sigmund
  5887 | D:6      | Reached skill level 8 in Ice Magic
  6467 | D:6      | Identified the ring of Qigid {rN+ Dex+2 Slay+2}
  6535 | D:6      | Reached skill level 5 in Invocations
  7086 | D:7      | Found a staircase to the Ecumenical Temple.
  7158 | D:7      | Reached skill level 5 in Fighting
  7158 | D:7      | Reached skill level 5 in Short Blades
  7158 | D:7      | Reached skill level 5 in Long Blades
  7158 | D:7      | Reached skill level 5 in Axes
  7158 | D:7      | Reached skill level 5 in Maces & Flails
  7158 | D:7      | Reached skill level 5 in Polearms
  7158 | D:7      | Reached skill level 5 in Staves
  7158 | D:7      | Reached skill level 5 in Ranged Weapons
  7158 | D:7      | Reached skill level 5 in Throwing
  7158 | D:7      | Reached skill level 5 in Armour
  7158 | D:7      | Reached skill level 5 in Shields
  7158 | D:7      | Reached skill level 5 in Unarmed Combat
  7158 | D:7      | Reached skill level 5 in Evocations
  7158 | D:7      | Reached XP level 10. HP: 52/74 MP: 15/21
  8528 | D:8      | Reached * piety under Ashenzari
  8560 | D:8      | Paralysed by a wight for 5 turns
  9387 | D:9      | Noticed Psyche
  9394 | D:9      | Killed Psyche
  9400 | D:9      | HP: 2/79 [steam dragon/ball of steam (15)]
  9401 | D:9      | Engulfed by a steam dragon's steam

Illustrated notes

Levels and vault maps discovered:
D:1:      arrival_zaba_pyramid, layout_basic, serial_curves, eino_curves_02,
          eino_curves_03, shapermc_ecumenical_altar_mp_vishouse,
          minmay_split_cup_large
D:2:      layout_loops_cross
D:3:      layout_rooms
D:4:      layout_loops_cross, minitemple
D:5:      layout_cave_pods, uniq_duvessa, uniq_sigmund, uniq_blork_the_orc,
          uniq_eustachio
D:6:      layout_basic
D:7:      layout_loops_cross, minmay_temple_entry_junction_2
D:8:      layout_loops_ring
D:9:      layout_basic, erik_lair_island, orc_0_dummy,
          hellmonk_guarded_unrand_vitality_bloodlust, uniq_psyche

Skill      XL: |  1  2  3  4  5  6  7  8  9 10 |
---------------+-------------------------------+-----
Spellcasting   | 5 6 7 |  7.7
Invocations    | 1 2 3 4 5 6 |  6.3
Fighting       | 1 2 3 5 |  5.7
Short Blades   | 1 2 3 5 |  5.7
Long Blades    | 1 2 3 5 |  5.7
Axes           | 1 2 3 5 |  5.7
Maces & Flails | 1 2 3 5 |  5.7
Polearms       | 1 2 3 5 |  5.7
Staves         | 1 2 3 5 |  5.7
Ranged Weapons | 1 2 3 5 |  5.7
Throwing       | 1 2 3 5 |  5.7
Armour         | 1 2 3 5 |  5.7
Shields        | 1 2 3 5 |  5.7
Unarmed Combat | 1 2 3 5 |  5.7
Evocations     | 1 2 3 5 |  5.7
Conjurations   | 1 2 3 4 |  4.7
Hexes          | 1 2 3 4 |  4.7
Summonings     | 1 2 3 4 |  4.7
Necromancy     | 1 2 3 4 |  4.7
Translocations | 1 2 3 4 |  4.7
Transmutations | 1 2 3 4 |  4.7
Fire Magic     | 1 2 3 4 |  4.7
Air Magic      | 1 2 3 4 |  4.7
Earth Magic    | 1 2 3 4 |  4.7
Poison Magic   | 1 2 3 4 |  4.7
Dodging        | 5 6 7 |  7.4
Stealth        | 5 6 7 |  7.2
Ice Magic      | 8 |  8.6

Action                   |  1- 3 |  4- 6 |  7- 9 | 10-12 || total
-------------------------+-------+-------+-------+-------++-------
Melee: Dagger            |     4 |     9 |    82 |       ||    95
       Bite              |     1 |     1 |    11 |     4 ||    17
       Halberd           |       |       |    36 |    84 ||   120
 Cast: Freeze            |    36 |    36 |    39 |       ||   111
       Frozen Ramparts   |     1 |    12 |    22 |     8 ||    43
       Ozocubu's Armour  |       |     3 |    14 |     4 ||    21
Invok: Curse Item        |       |       |     1 |     1 ||     2
Evoke: Wand              |       |       |    36 |       ||    36
  Use: Scroll            |       |       |     1 |       ||     1
 Stab: Sleeping          |     1 |       |       |     4 ||     5
Armor: Robe              |     4 |    17 |    32 |    30 ||    83
Dodge: Dodged            |    21 |    29 |    96 |    83 ||   229
